 Dungeon Crawl Stone Soup version 0.31.0-11-ge490571c62 (webtiles) character file.

Game seed: 149312616468899517

48 qw the Shooter (level 3, -3/20 HPs)
             Began as a Deep Elf Hunter on Feb 4, 2024.
             Killed by divine providence
             ... invoked by an orc priest
              (11 damage)
             ... on level 3 of the Dungeon.
             The game lasted 00:00:04 (1442 turns).

qw the Shooter (Deep Elf Hunter)                    Turns: 1442, Time: 00:00:04

Health: -3/20      AC:  6    Str: 10    XL:     3   Next: 50%
Magic:  5/5        EV: 12    Int: 13    God:
Gold:   76         SH:  0    Dex: 18    Spells: 2/2 levels left

rFire   . . .        a - +0 shortbow (heavy)
rCold   . . .        (shield currently unavailable)
rNeg    . . .        c - +0 leather armour
rPois   .            g - +1 helmet
rElec   .            (no cloak)
rCorr   .            (no gloves)
SInv    .            h - +0 pair of boots
Will    .....        (no amulet)
Stlth   ++           (no ring)
HPRegen 0.23/turn    (no ring)
MPRegen 0.09/turn

%: no passive effects
@: no status effects
A: no striking features
a: no special abilities


You were on level 3 of the Dungeon.
You visited 1 branch of the dungeon, and saw 3 of its levels.

You collected 76 gold pieces.


   Skills:
 - Level 1.5 Fighting
 + Level 7.0 Ranged Weapons
 - Level 2.4 Dodging
 - Level 1.2 Stealth


You had 2 spell levels left.
You didn't know any spells.
Your spell library was empty.

Inventory:

Hand Weapons
 a - a +0 heavy shortbow (weapon)
Armour
 c - a +0 leather armour (worn)
 g - a +1 helmet (worn)
 h - a +0 pair of boots (worn)
Scrolls
 b - a scroll of enchant weapon {unknown}
 d - a scroll of brand weapon
Potions
 f - a potion of resistance {unknown}
 i - a potion of magic {unknown}
 k - a potion of curing
 m - a potion of attraction {unknown}

Dungeon Overview and Level Annotations

Branches:
Dungeon (3/15)

Altars:


Message History

As you read the scroll labelled NEK XAASUPOI, it dissolves into smoke.
It was a scroll of fog.
Done exploring.
1348 ||| DRINKING 2 fizzy clear potions.
It was a potion of curing.
You feel better.
Done exploring.
1349 ||| DROPPING potion of ambrosia.
You drop a potion of ambrosia.
Done exploring.
1350 ||| DROPPING 2 scrolls of fog.
You drop 2 scrolls of fog.
Done exploring.
What level of the Dungeon? (default 2, ? - help)
You see here a +0 chain mail.
There is an escape hatch in the floor here.
Things that are here:
a +1 whip of electrocution; a stone
There is a stone staircase leading down here.
You climb downwards.
There is a stone staircase leading up here.
Waypoint 2 assigned to D:3.
Found a flail.
b - a scroll labelled YGUHED ISUIF You see here a +0 flail.
You see here a +0 flail.
An orc priest comes into view. It is wielding a +0 dagger.
You shoot an arrow. The orc priest shouts!
The arrow hits the orc priest!
The orc priest is almost dead.
You hear a shout!
You shoot an arrow.
The arrow hits the orc priest but does no damage.
The orc priest is almost dead.
The orc priest mumbles some strange prayers to Beogh against you.
Beogh smites you!
Ouch! That really hurt!
An orc comes into view. It is wielding a +0 hand axe.
The orc priest mumbles some strange prayers to Beogh against you.
Beogh smites you!
Ouch! That really hurt!
You die...

#........#..###
##.#.##..#....
.........##.###
##.#...........
#.#..#..##.###
#.......##.#
#######..#
o###.#........#
.o.....@......#
###.########).#
########..###
............#
#########.###
###


You could see an orc priest and an orc.

Vanquished Creatures
  An adder (D:2)
  6 bats
  5 endoplasms
  4 giant cockroaches (D:2)
  4 goblins
  4 hobgoblins
  A kobold (D:2)
  2 quokkas
  A ball python (D:1)
  2 frilled lizards
  5 rats
35 creatures vanquished.

Notes
Turn   | Place    | Note
-------+----------+-------------------------------------------
     0 | D:1      | qw the Deep Elf Hunter began the quest for the Orb.
     0 | D:1      | Reached XP level 1. HP: 12/12 MP: 3/3
     0 | D:1      | 0 ||| qw: Version: 0.3-a-160-g6735b56
     0 | D:1      | 0 ||| qw: Game counter: 5535
     0 | D:1      | 0 ||| qw: Melee chars always use a shield: true
     0 | D:1      | 0 ||| qw: God list: Okawaru
     0 | D:1      | 0 ||| qw: Allow faded altars: false
     0 | D:1      | 0 ||| qw: Do Orc after clearing Dungeon:15 true
     0 | D:1      | 0 ||| qw: Do second Lair branch before Depths: true
     0 | D:1      | 0 ||| qw: Lair rune preference: random
     0 | D:1      | 0 ||| qw: Goals: Normal
     0 | D:1      | 0 ||| PLANNING D:1-11
   176 | D:1      | Reached skill level 6 in Ranged Weapons
   176 | D:1      | Reached XP level 2. HP: 16/16 MP: 4/4
   202 | D:1      | Found a faded altar of an unknown god.
   704 | D:1      | 704 ||| UPGRADING to +0 helmet.
   709 | D:1      | 709 ||| UPGRADING to +0 pair of boots.
   714 | D:1      | 714 ||| READING 2 scrolls labelled ASUETH FIVA.
   714 | D:1      | 714 ||| BRANDING +0 shortbow.
   715 | D:1      | 715 ||| READING scroll labelled XAGHEE RUCZANO.
   716 | D:1      | 716 ||| READING scroll labelled TYOZXA QETA.
   744 | D:1      | 744 ||| READING scroll labelled ERPHIL TAWI.
   744 | D:1      | 744 ||| ENCHANTING +0 helmet.
   745 | D:1      | 745 ||| DROPPING scroll of butterflies.
   820 | D:2      | Reached XP level 3. HP: 20/20 MP: 5/5
  1158 | D:2      | Reached skill level 7 in Ranged Weapons
  1342 | D:2      | 1342 ||| READING scroll labelled GABRO QANA.
  1346 | D:2      | 1346 ||| READING scroll labelled AMOADA DUOFREDE.
  1346 | D:2      | 1346 ||| IDENTIFYING coppery potion
  1347 | D:2      | 1347 ||| READING 3 scrolls labelled NEK XAASUPOI.
  1348 | D:2      | 1348 ||| DRINKING 2 fizzy clear potions.
  1349 | D:2      | 1349 ||| DROPPING potion of ambrosia.
  1350 | D:2      | 1350 ||| DROPPING 2 scrolls of fog.
  1442 | D:3      | Killed from afar by an orc priest

Levels and vault maps discovered:
D:1:      dpeg_arrival_subterranean_lakeside_camping, layout_basic,
          hellmonk_ecumenical_altar_blasted
D:2:      layout_loops_cross
D:3:      layout_basic, lemuel_tele_altar, serial_rivers,
          chequers_serial_rivers_micro_d, chequers_serial_rivers_micro_c,
          chequers_serial_rivers_micro_a, chequers_serial_rivers_room_b

Skill      XL: |  1  2  3 |
---------------+----------+-----
Ranged Weapons | 6 7 |  7.0
Fighting       | |  1.5
Dodging        | |  2.4
Stealth        | |  1.2

Action                     || total
---------------------------++-------
   Fire: Shortbow          ||    78
    Use: Scroll            ||     7
         Potion            ||     1
 Armour: Leather armour    ||     6
  Dodge: Dodged            ||    10

Table legend:
 A = Non-vault XP
 B = Vault XP
 C = Vault XP percentage of total XP
 D = Non-vault monster count
 E = Vault monster count
 F = Vault count percentage of total count
                 A         B        C        D         E       F
            +---------+---------+-------+---------+---------+-------
      Total |      60 |       9 |  13.0 |      29 |       6 |  17.1
            +---------+---------+-------+---------+---------+-------
        D:1 |      22 |       9 |  29.0 |      13 |       6 |  31.6
        D:2 |      38 |       0 |   0.0 |      16 |       0 |   0.0
            +---------+---------+-------+---------+---------+-------
